Map: Cerulean Fall LE

Players

Jason

  • Race: Terran Terran
  • League: Grandmaster
  • Spawn Location: 7:00

Rob - Winner!

  • Race: Protoss Protoss
  • League: Grandmaster
  • Spawn Location: 1:00

VOD

Have the link to the VOD?

Description

Time

  • Played on: May 14, 2019, 1:59 p.m.
  • Length: 13:21
Show
View Real Time Build Order
Export as new Build Order

Jason Terran 

Build Orders: Gas First Reaper Expand, Liberator Opening 

Get SALT Encoding   

  12  0:00  SCV  
  13  0:13  SCV  
  14  0:17  Supply Depot  
  14  0:25  SCV  
  15  0:29  Refinery  
  15  0:39  SCV  
  16  0:45  Barracks  
  16  0:51  SCV  
  17  1:03  SCV  
  18  1:15  SCV  
  19  1:34  Reaper  
  19  1:35  Orbital Command  
  20  1:52  Command Center  
  20  2:03  Factory  
  20  2:05  SCV  
  21  2:09  Barracks Reactor  
  21  2:19  Supply Depot  
  21  2:21  SCV  
  22  2:27  Refinery  
  22  2:33  SCV  
  23  2:49  SCV, Starport  
  24  2:55  Hellion x2  
  24  2:57  Barracks Tech Lab  
  28  3:05  SCV  
  29  3:08  Orbital Command  
  29  3:17  Liberator  
  29  3:22  Hellion x2  
  29  3:25  SCV  
  34  3:38  SCV  
  34  3:39  SCV  
  38  3:50  SCV, Supply Depot  
  42  3:55  Marine x2  
  42  3:57  Cyclone  
  42  4:02  Bunker  
  44  4:04  SCV  
  44  4:07  SCV  
  46  4:16  SCV  
  45  4:18  Marine x2  
  45  4:19  SCV  
  45  4:23  Viking  
  50  4:28  SCV  
  50  4:29  Supply Depot  
  51  4:31  SCV  
  51  4:36  Marine x2  
  54  4:44  Supply Depot  
  54  4:51  SCV, Siege Tank  
  54  4:52  SCV  
  59  4:53  Marine  
  59  4:57  Marine  
  61  5:04  Viking  
  61  5:07  SCV x2  
  61  5:11  Marine  
  61  5:12  Barracks x2  
  60  5:19  SCV x2, Marine  
  63  5:22  Engineering Bay  
  63  5:23  Siege Tank  
  66  5:29  Marine  
  66  5:31  SCV x2  
  66  5:35  Refinery  
  69  5:37  Starport Tech Lab, Marine  
  70  5:46  SCV x2  
  69  5:50  Marine  
  69  5:56  Supply Depot  
  70  6:02  Factory Reactor  
  70  6:04  Barracks  
  70  6:05  Terran Infantry Weapons Level 1, Starport Reactor  
  70  6:07  Missile Turret, Barracks  
  70  6:10  SCV x2  
  72  6:13  Stimpack  
  72  6:14  Marauder  
  72  6:17  Combat Shield  
  72  6:18  Marauder  
  76  6:22  SCV x2  
  78  6:27  Marine, Supply Depot x2  
  78  6:28  Marine  
  80  6:33  Refinery  
  80  6:34  SCV x2  
  80  6:37  Marauder  
  84  6:40  Widow Mine  
  86  6:47  Supply Depot  
  86  6:48  SCV, Widow Mine  
  86  6:50  Supply Depot  
  86  6:54  Barracks Tech Lab x2, Marine x2  
  89  6:58  Medivac  
  89  6:59  Medivac  
  97  7:01  Marauder  
  97  7:05  Marauder  
  99  7:11  Marine  
  99  7:13  Marauder  
  99  7:14  Marine  
  103  7:17  Concussive Shells  
  103  7:19  Marauder  
  103  7:20  SCV  
  103  7:22  SCV  
  109  7:23  Marauder  
  109  7:25  Supply Depot  
  109  7:26  Marauder  
  109  7:29  Marine, Widow Mine  
  114  7:30  Widow Mine  
  114  7:34  Marine x2  
  118  7:40  Medivac  
  118  7:47  Medivac  
  120  7:53  Marine  
  120  7:54  Command Center  
  120  7:55  Supply Depot  
  121  8:02  Marine x2  
  121  8:03  Marauder  
  121  8:05  Marine  
  125  8:11  Supply Depot  
  125  8:12  Supply Depot  
  125  8:15  Marine  
  125  8:17  Marauder  
  126  8:20  Marauder, Marine  
  126  8:23  Marine x2  
  126  8:25  Widow Mine  
  133  8:31  SCV  
  133  8:33  Marine  
  133  8:34  Widow Mine  
  137  8:38  Marauder, Marine  
  130  8:46  Medivac  
  130  8:47  Marauder, Marine x2  
  106  8:50  SCV  
  106  8:51  Marine  
  106  8:52  Widow Mine  
  106  8:55  Medivac  
  100  9:02  SCV x2  
  102  9:03  Marine  
  102  9:06  Marine x2  
  102  9:07  Marauder  
  107  9:13  Terran Infantry Armor Level 1  
  107  9:16  Medivac  
  109  9:17  Marine x2  
  109  9:21  Marine  
  110  9:24  Marine  
  110  9:25  Medivac  
  110  9:31  SCV x2  
  113  9:32  Widow Mine x2  
  113  9:33  Marine  
  113  9:35  Marine x2  
  119  9:43  SCV x2  
  119  9:46  Engineering Bay  
  119  9:48  Armory  
  119  9:55  SCV  
  119  9:57  Marauder, Marine  
  119  9:58  Widow Mine  
  123  10:03  SCV  
  123  10:05  Orbital Command  
  124  10:09  SCV  
  124  10:12  Marine  
  124  10:13  Marine x2  
  128  10:15  SCV  
  129  10:21  SCV  
  129  10:25  Marine  
  129  10:26  Sensor Tower  
  129  10:27  Marine  
  129  10:28  SCV  
  133  10:30  Marine  
  133  10:31  Marauder  
  133  10:33  SCV  
  133  10:34  SCV  
  138  10:38  Marauder, Marine  
  138  10:40  SCV  
  138  10:42  Terran Infantry Weapons Level 2  
  142  10:45  Marauder  
  142  10:48  Ghost Academy  
  144  10:50  Marine x2  
  144  10:52  Marine  
  144  10:56  Marine  
  148  11:01  Marine  
  149  11:06  Marine  
  149  11:07  Marine x2  
  149  11:10  Marauder  
  153  11:15  Marauder  
  155  11:18  Refinery x2  
  155  11:19  Marine  
  155  11:20  Command Center  
  155  11:23  SCV x2  
  155  11:24  Marauder  
  155  11:25  Marine x2  
  159  11:31  Marine, Widow Mine  
  164  11:35  Marine  
  165  11:44  Marauder, Widow Mine  
  164  11:52  Widow Mine, Marine  
  165  11:57  Supply Depot  
  165  11:58  Supply Depot  
  165  11:59  Supply Depot  
  165  12:00  Supply Depot  
  165  12:07  Marine  
  165  12:08  Marine  
  165  12:10  Marauder  
  165  12:12  Marine x2  
  165  12:13  Marauder  
  165  12:14  Medivac  
  142  12:25  Ghost  
  142  12:27  Marine, Widow Mine x2  
  149  12:30  Ghost, Marine  
  149  12:32  Marauder  
  149  12:33  Starport  
  149  12:34  Marine  
  155  12:45  Marine  
  155  12:48  Widow Mine x2  
  160  12:51  Ghost  
  160  12:52  Ghost  
  160  12:56  Marine  
  167  13:03  Marine  
Show
View Real Time Build Order
Export as new Build Order

Rob Protoss - Winner!

Build Orders: 1 Gate Expand, Blink Stalkers, Zealot Archon 

Get SALT Encoding   

  12  0:00  Probe  
  13  0:12  Probe  
  14  0:23  Pylon  
  14  0:25  Probe  
  15  0:37  Probe  
  16  0:45  Probe, Gateway  
  16  0:49  Assimilator  
  17  0:55  Probe  
  17  1:04  Probe  
  19  1:12  Probe  
  20  1:21  Probe  
  21  1:30  Nexus  
  21  1:38  Cybernetics Core  
  21  1:41  Probe  
  22  1:47  Assimilator  
  22  1:55  Probe  
  22  1:56  Pylon  
  23  2:05  Adept  
  23  2:14  Probe  
  26  2:15  Warp Gate  
  26  2:26  Probe  
  26  2:28  Stalker  
  28  2:38  Probe  
  28  2:40  Twilight Council  
  28  2:42  Probe  
  30  2:50  Probe  
  31  2:54  Probe  
  32  3:02  Probe  
  32  3:04  Blink  
  32  3:05  Stalker  
  35  3:06  Probe  
  36  3:14  Probe  
  36  3:18  Probe  
  38  3:26  Probe  
  39  3:30  Probe  
  40  3:38  Probe  
  40  3:40  Robotics Facility  
  41  3:42  Probe, Gateway  
  41  3:44  Gateway  
  42  3:51  Shield Battery  
  42  3:53  Probe  
  42  3:54  Probe  
  44  4:01  Pylon  
  44  4:02  Gateway  
  44  4:05  Probe  
  44  4:07  Probe  
  46  4:16  Stalker  
  46  4:17  Warp Prism  
  46  4:20  Probe  
  46  4:21  Probe  
  48  4:24  Gateway  
  48  4:25  Assimilator  
  50  4:35  Pylon  
  50  4:36  Stalker  
  52  4:38  Shield Battery  
  52  4:40  Stalker  
  54  4:53  Probe x2  
  54  4:57  Stalker  
  54  4:58  Stalker  
  53  5:02  Stalker  
  53  5:06  Probe x2  
  55  5:15  Probe x2  
  57  5:23  Probe x2  
  59  5:32  Probe x2  
  61  5:46  Zealot x2  
  55  5:50  Stalker  
  55  5:51  Stalker x2  
  55  5:53  Charge  
  55  5:54  Pylon  
  55  5:55  Pylon  
  55  5:56  Forge  
  61  6:01  Observer  
  61  6:04  Nexus  
  61  6:06  Pylon  
  62  6:12  Probe x2  
  64  6:25  Probe x2  
  66  6:29  Templar Archives  
  66  6:34  Protoss Ground Weapons Level 1  
  66  6:37  Probe x2  
  68  6:44  Pylon  
  68  6:45  Observer  
  69  6:49  Probe x2  
  71  6:56  Zealot x5  
  71  7:01  Probe  
  82  7:09  Probe  
  82  7:12  Pylon  
  82  7:13  Probe  
  82  7:15  Gateway  
  84  7:18  High Templar x2, Gateway  
  84  7:20  Probe  
  84  7:22  Zealot x2, Archon  
  93  7:25  Stalker  
  93  7:28  Observer  
  95  7:33  Pylon  
  95  7:34  Pylon  
  95  7:43  Zealot  
  95  7:44  Zealot  
  98  7:52  Zealot x3  
  98  7:53  Observer  
  98  7:57  Probe x3  
  108  8:07  Pylon  
  108  8:08  Zealot x2, Pylon  
  112  8:12  Zealot  
  112  8:13  Zealot x3  
  112  8:15  Zealot  
  120  8:29  Zealot x2  
  120  8:33  Zealot x4  
  120  8:44  Observer  
  108  8:48  Immortal  
  108  8:52  Psionic Storm, Assimilator, Protoss Ground Armor Level 1  
  108  8:54  Assimilator  
  108  8:57  Forge  
  108  9:02  Robotics Facility  
  112  9:06  Assimilator  
  112  9:08  Zealot x2, High Templar  
  112  9:09  Zealot  
  120  9:13  Nexus  
  120  9:15  Zealot x3  
  126  9:17  Probe x2  
  126  9:18  Probe  
  128  9:37  Pylon  
  114  9:48  Immortal x2  
  114  9:50  Robotics Bay  
  114  9:52  Zealot x3  
  128  9:55  Protoss Ground Weapons Level 2  
  124  10:09  Zealot x4  
  132  10:15  Immortal x2  
  132  10:16  High Templar x3  
  132  10:17  Probe  
  132  10:18  Probe x2  
  141  10:25  Probe  
  150  10:29  Probe  
  151  10:46  Colossus, Stalker  
  151  10:47  Stalker x3  
  159  10:50  Colossus  
  159  10:54  Observer  
  159  11:00  Probe  
  159  11:02  Pylon  
  159  11:04  Pylon  
  172  11:05  Assimilator  
  172  11:09  Assimilator  
  172  11:11  Observer  
  172  11:19  Extended Thermal Lance  
  172  11:21  Probe x3  
  175  11:27  Pylon  
  175  11:31  Colossus  
  175  11:36  Zealot x6  
  176  11:41  Pylon  
  177  12:00  Stalker x7  
  191  12:13  Observer  
  182  12:19  Warp Prism  
  182  12:22  Robotics Bay  
  176  12:24  Stalker  
  176  12:25  Stalker x5  
  190  12:42  Stalker  
  192  12:48  Stalker x4  
Tags
 
Add a new tag
Caveats
  • Supply blocks, unpowered buildings, or Contaminate may cause inaccurate times.
  • Supply counts are checked every 10 seconds.